 Dungeon Crawl Stone Soup version 0.30.1-11-g7821555f0a (webtiles) character file.

Game seed: 3079495300832493266

245 KittyFluff the Cudgeller (level 6, -1/57 HPs)
             Began as a Gargoyle Berserker on Nov 4, 2023.
             Was a Follower of Trog.
             Killed from afar by Dowan (3 damage)
             ... with a puff of flame
             ... on level 4 of the Dungeon.
             The game lasted 00:11:56 (3440 turns).

KittyFluff the Cudgeller (Gargoyle Berserker)       Turns: 3440, Time: 00:11:57

Health: -1/57      AC:  9    Str: 22    XL:     6   Next: 10%
Magic:  6/6        EV: 12    Int:  8    God:    Trog [*.....]
Gold:   268        SH:  0    Dex:  9    Spells: 5/5 levels left

rFire   . . .        c - +2 whip (drain)
rCold   . . .        (no shield)
rNeg    + . .        k - +0 leather armour
rPois   ∞            (no helmet)
rElec   +            (no cloak)
rCorr   .            (no gloves)
SInv    .            d - +0 pair of boots
Will    .....        (no amulet) Stlth
                     (no ring)
HPRegen 0.29/turn    (no ring)
MPRegen 0.10/turn

%: no passive effects
@: berserking, very quick
A: sickness immunity, AC +4, negative energy resistance 1, electricity
resistance, torment resistance 1, petrification resistance
a: Renounce Religion, Berserk


You were on level 4 of the Dungeon.
You worshipped Trog.
Trog was aware of your devotion.
You visited 1 branch of the dungeon, and saw 4 of its levels.

You collected 268 gold pieces.

Inventory:

Hand Weapons
 a - a +0 mace
 c - a +2 whip of draining (weapon)
 e - a +0 shortbow
Missiles
 f - 20 poisoned darts (quivered)
Armour
 d - a +0 pair of boots (worn)
 k - a +0 leather armour (worn)
Scrolls
 i - a scroll of fear {unknown}
 j - 2 scrolls of amnesia {unknown}
 l - a scroll of butterflies {unknown}
 m - a scroll of magic mapping {unknown}
 o - a scroll of noise {unknown}
 p - 2 scrolls of enchant armour
 q - 2 scrolls of teleportation
 r - a scroll of blinking
Potions
 b - 2 potions of heal wounds
 g - 2 potions of curing {unknown}
 h - a potion of magic {unknown}
 n - a potion of cancellation {unknown}
 s - a potion of attraction {unknown}
 t - 2 potions of berserk rage {unknown}


   Skills:
 + Level 4.2 Fighting
 * Level 4.5 Maces & Flails
 * Level 4.2 Armour
 + Level 2.4 Dodging


You had 5 spell levels left.
You didn't know any spells.
Your spell library was empty.

Dungeon Overview and Level Annotations

Branches:
Dungeon (4/15)
 Temple: D:4-7

Altars:
Makhleb

Shops:
D:1 *

Annotations:
D:4 Dowan


Innate Abilities, Weirdness & Mutations

You are immune to sickness and miasma.
Your stone body is resilient. (AC +4)
You are immune to poison.
You resist negative energy. (rN+)
You are resistant to electric shocks. (rElec)
You are resistant to unholy torment.
You are immune to petrification.


Message History

Dowan blinks!
Dowan casts a spell at you. The stone arrow hits you.
A kobold comes into view. It is wielding a +0 short sword.
Dowan says, "Magic will overcome all!"
Dowan misses you.
The kobold shouts!
You hit Dowan.
Dowan is moderately wounded.
Dowan zaps a wand.
The puff of flame hits you.
You whack Dowan!
Dowan is severely wounded.
Dowan misses you.
You hit Dowan.
Dowan is almost dead.
Dowan gestures wildly while chanting.
Dowan blinks!
A ball python comes into view.
Dowan misses you.
You barely miss Dowan.
Dowan is almost dead.
Dowan hits you but does no damage.
You hit Dowan.
Dowan is almost dead.
Dowan casts a spell at you. The shard of ice hits you!!
Ouch! That really hurt!
* * * LOW HITPOINT WARNING * * *
You closely miss Dowan.
Dowan is almost dead.
Dowan closely misses you. Dowan hits you with a +0 hand axe.
* * * LOW HITPOINT WARNING * * *
A red film seems to cover your vision as you go berserk!
You feel yourself moving faster!
You feel mighty!
You can no longer call upon Trog for regeneration and willpower.
Dowan barely misses you.
You barely miss Dowan.
Dowan is almost dead.
Dowan zaps a wand.
The puff of flame hits you.
You die...

...####..
#.##
)........
..####... #
..###.... ##
.. .........
# .##.
..###.... #.
... ....# ..
#.# ##g#
.##.##..
#.###S#
.#...#.#
#.@eK#
...#..>#
####.#
..###..#
###.# #
...#..##
#...# #
.....##
#.### ###
##..##
###.#######.
.. #..#
#...........
# #..#
#^##........
# #..#
#.##.######.
#


You could see Dowan (fast), a hobgoblin, a ball python and a kobold.

Vanquished Creatures
  Duvessa (D:4)
  A gnoll bouda (D:4)
  5 gnolls (D:4)
  A white imp (D:4)
  A worm (D:2)
  A dart slug (D:3)
  5 orcs (D:3)
  A ball python (D:4)
  6 bats
  4 endoplasms
  A giant cockroach (D:1)
  2 goblins
  5 hobgoblins
  2 jackals (D:1)
  2 quokkas (D:3)
  2 frilled lizards (D:1)
  5 kobolds
  4 rats
49 creatures vanquished.

Notes
Turn   | Place    | Note
-------+----------+-------------------------------------------
     0 | D:1      | KittyFluff the Gargoyle Berserker began the quest for the
                  | Orb.
     0 | D:1      | Reached XP level 1. HP: 14/14 MP: 1/1
   158 | D:1      | Found Yplugoxi's Assorted Antiques.
   176 | D:1      | Reached XP level 2. HP: 19/19 MP: 2/2
  1769 | D:2      | Reached XP level 3. HP: 23/23 MP: 3/3
  2604 | D:3      | Found a burning altar of Makhleb.
  2801 | D:4      | Noticed Duvessa
  2822 | D:4      | Killed Duvessa
  2823 | D:4      | Reached XP level 4. HP: 27/29 MP: 4/4
  2823 | D:4      | Reached XP level 5. HP: 31/33 MP: 5/5
  2823 | D:4      | Noticed Dowan
  3179 | D:4      | Reached XP level 6. HP: 19/38 MP: 6/6
  3332 | D:4      | Reached ** piety under Trog
  3438 | D:4      | HP: 1/38 [Dowan/+0 hand axe (4)]
  3440 | D:4      | Killed from afar by Dowan

Illustrated notes

Levels and vault maps discovered:
D:1:      tekkud_arrival_beachfront_property, layout_basic, serial_shops, shop,
          wander_ebering_terrifying_dragon_lair
D:2:      cheibrodos_old_hovel, layout_basic
D:3:      layout_basic, lemuel_tele_altar
D:4:      layout_loops_ring, minmay_distorted, uniq_duvessa

Skill      XL: |  1  2  3  4  5 |
---------------+----------------+-----
Armour         | 3 4 |  4.2
Fighting       | 4 |  4.2
Maces & Flails | 4 |  4.5
Dodging        | 2 |  2.4

Action                     |  1- 3 |  4- 6 || total
---------------------------+-------+-------++-------
  Melee: Mace              |     9 |       ||     9
         Whip              |    96 |    36 ||   132
 Invoke: Berserk           |     1 |     2 ||     3
    Use: Scroll            |     4 |       ||     4
 Armour: Animal skin       |    11 |       ||    11
         Leather armour    |    28 |    17 ||    45
  Dodge: Dodged            |    50 |    20 ||    70
